Map: Rhoskallian LE

Players

Intermezzo

  • Race: Zerg Zerg
  • Spawn Location: 11:00

NerNer

  • Race: Zerg Zerg
  • League: Diamond
  • Spawn Location: 12:00

Ekelpack

  • Race: Zerg Zerg
  • Spawn Location: 6:00

Nyck

  • Race: Terran Terran
  • Spawn Location: 5:00

VOD

Have the link to the VOD?

Description

Time

  • Played on: Feb. 11, 2025, 2:07 p.m.
  • Length: 17:41
Show
View Real Time Build Order
Export as new Build Order

Intermezzo Zerg 

Build Orders: Hatch First, Lurkers 

Get SALT Encoding   

  12  0:01  Drone  
  13  0:13  Overlord  
  13  0:18  Drone  
  14  0:31  Drone x2  
  16  0:36  Drone  
  17  0:57  Hatchery  
  17  1:04  Drone x2  
  17  1:06  Extractor  
  17  1:16  Spawning Pool  
  17  1:18  Drone  
  17  1:21  Drone  
  18  1:28  Drone  
  19  1:39  Drone  
  20  2:04  Queen  
  20  2:08  Metabolic Boost  
  22  2:10  Queen  
  22  2:13  Drone x3  
  22  2:15  Drone  
  28  2:23  Overlord  
  28  2:40  Spore Crawler  
  28  2:49  Zergling x6  
  31  2:55  Queen  
  33  2:58  Extractor  
  32  3:06  Drone x4  
  36  3:29  Overlord x2  
  36  3:34  Lair  
  36  3:40  Overlord  
  36  3:46  Queen  
  36  3:47  Roach Warren  
  37  3:49  Zergling x12  
  43  4:04  Zergling x12  
  49  4:28  Zergling x2  
  49  4:29  Zergling x14  
  56  4:39  Drone  
  55  4:58  Hatchery  
  51  5:02  Zergling x2  
  51  5:03  Zergling x12  
  58  5:15  Zergling x4  
  53  5:39  Baneling Nest  
  53  5:40  Glial Reconstitution  
  52  5:43  Drone x7  
  52  5:44  Drone  
  52  5:46  Spore Crawler  
  52  5:49  Spore Crawler  
  58  5:50  Drone  
  58  5:57  Drone  
  60  6:10  Drone x6  
  66  6:52  Evolution Chamber  
  65  6:54  Queen, Evolution Chamber  
  66  7:07  Overlord x3  
  66  7:08  Overlord  
  66  7:13  Centrifugal Hooks  
  66  7:20  Hydralisk Den  
  62  7:35  Drone x17  
  79  7:38  Extractor  
  79  7:40  Extractor  
  79  7:41  Spore Crawler  
  76  7:54  Hatchery  
  75  8:02  Zerg Missile Weapons Level 1  
  75  8:03  Zerg Ground Armor Level 1  
  75  8:10  Infestation Pit  
  74  8:16  Pneumatized Carapace  
  74  8:20  Drone  
  74  8:21  Drone x9  
  74  8:22  Overlord x3  
  74  8:23  Drone x5  
  89  8:29  Baneling x3  
  89  8:30  Baneling x9  
  89  8:39  Spine Crawler  
  89  8:41  Spine Crawler  
  87  8:42  Spine Crawler  
  86  8:49  Roach x4  
  86  8:50  Roach  
  96  8:58  Drone  
  97  9:03  Overlord x4  
  94  9:23  Roach x11  
  105  9:37  Roach x4  
  105  9:55  Hydralisk x6  
  105  9:59  Overseer  
  115  10:02  Hive  
  115  10:04  Zerg Missile Weapons Level 2, Zerg Ground Armor Level 2  
  115  10:06  Muscular Augments  
  85  10:32  Hydralisk x7  
  97  10:44  Lurker Den  
  97  10:48  Extractor  
  95  10:51  Queen  
  95  10:53  Hatchery  
  92  11:10  Grooved Spines  
  91  11:25  Lurker Den  
  88  11:38  Hydralisk  
  88  11:39  Hydralisk x7  
  104  11:47  Extractor  
  103  12:08  Lurker x2  
  104  12:15  Lurker  
  106  12:22  Extractor x2  
  104  12:27  Lurker  
  105  13:04  Hatchery  
  104  13:08  Hydralisk x7  
  104  13:09  Hydralisk x2  
  110  13:29  Drone x10  
  101  14:26  Drone x13  
  114  14:44  Hydralisk x3  
  120  14:47  Overlord x5  
  120  15:05  Overlord x2  
  120  15:06  Hatchery  
  119  15:08  Viper x6  
  137  15:21  Overseer  
  137  15:22  Overseer  
  137  15:46  Hatchery  
  136  16:00  Drone x7  
  136  16:01  Drone x10  
  148  16:46  Lurker  
  147  16:55  Hydralisk x4  
  147  16:56  Hydralisk x13  
  147  17:01  Lurker x7  
Show
View Real Time Build Order
Export as new Build Order

NerNer Zerg 

Build Orders: Hatch First, Lurkers 

Get SALT Encoding   

  12  0:02  Drone  
  13  0:12  Overlord  
  13  0:18  Drone  
  14  0:31  Drone x2  
  16  0:49  Hatchery  
  15  0:53  Drone  
  15  0:56  Drone  
  17  1:00  Drone  
  18  1:10  Extractor  
  17  1:16  Spawning Pool  
  16  1:20  Drone  
  16  1:21  Drone  
  18  1:31  Drone  
  19  1:40  Drone  
  20  1:51  Overlord  
  20  2:03  Queen x2  
  20  2:04  Zergling x2  
  20  2:06  Zergling x2  
  26  2:12  Drone x2  
  28  2:18  Metabolic Boost  
  28  2:24  Drone  
  28  2:25  Drone  
  30  2:36  Drone x2  
  32  2:44  Overlord  
  32  2:50  Drone  
  33  2:52  Queen  
  33  2:58  Baneling Nest  
  34  3:08  Hatchery  
  33  3:13  Zergling x4  
  33  3:15  Drone x2  
  37  3:25  Overlord  
  37  3:35  Drone x2, Overlord  
  37  3:36  Drone x2  
  41  3:47  Zergling x6  
  44  3:54  Zergling x2  
  44  3:55  Zergling x4  
  47  3:56  Queen  
  49  4:05  Zergling x6  
  49  4:07  Overlord  
  51  4:14  Zergling x2  
  49  4:25  Queen x2  
  49  4:31  Drone x6  
  57  4:40  Drone x3  
  60  4:47  Drone x2  
  62  4:58  Zergling x6  
  63  5:03  Zergling x6  
  63  5:12  Zergling x6  
  65  5:15  Overlord  
  65  5:17  Overlord  
  65  5:24  Roach Warren, Queen  
  65  5:25  Lair  
  66  5:30  Overlord x3  
  66  5:37  Baneling x3  
  66  5:38  Baneling x5, Zergling x2  
  66  5:39  Zergling x8  
  71  5:50  Drone x4  
  71  5:51  Drone x2  
  77  5:58  Drone x5  
  79  6:08  Drone x3  
  79  6:09  Drone  
  83  6:16  Extractor  
  83  6:18  Extractor  
  81  6:20  Spore Crawler  
  81  6:21  Spore Crawler  
  81  6:22  Spore Crawler, Extractor  
  81  6:23  Glial Reconstitution  
  81  6:25  Extractor x2  
  75  6:28  Hatchery  
  75  6:29  Centrifugal Hooks  
  75  6:30  Drone x5  
  75  6:31  Drone  
  80  6:45  Drone x2  
  80  6:46  Drone x3  
  85  6:52  Drone x6  
  85  6:53  Hydralisk Den  
  90  6:57  Drone x3  
  93  7:08  Drone  
  93  7:09  Drone x3  
  97  7:20  Drone x4  
  97  7:21  Drone, Evolution Chamber  
  97  7:22  Evolution Chamber  
  100  7:25  Zergling x6  
  100  7:28  Muscular Augments  
  103  7:36  Hydralisk  
  103  7:38  Overlord x2  
  103  7:40  Overlord x2  
  105  7:45  Drone x3  
  105  7:47  Baneling x4  
  105  7:48  Baneling  
  105  7:51  Zerg Ground Armor Level 1, Zerg Missile Weapons Level 1  
  108  7:52  Overlord x2  
  108  7:59  Drone x5  
  108  8:00  Drone  
  114  8:06  Infestation Pit  
  114  8:07  Drone  
  114  8:08  Drone x3  
  114  8:09  Spore Crawler  
  116  8:17  Hydralisk x5  
  126  8:23  Overlord  
  126  8:25  Lurker Den  
  126  8:26  Hydralisk x3  
  131  8:32  Grooved Spines  
  131  8:33  Extractor x2  
  129  8:36  Hydralisk x2  
  133  8:43  Hydralisk x2  
  133  8:44  Hatchery, Hydralisk  
  138  8:51  Hydralisk x5  
  147  9:01  Hydralisk x2  
  151  9:03  Overlord x3  
  151  9:06  Overlord x2  
  148  9:14  Hydralisk x3, Swarm Host  
  148  9:15  Zergling x4  
  145  9:20  Overlord x2  
  141  9:26  Lurker x4  
  141  9:27  Lurker x2  
  141  9:29  Zergling x2  
  141  9:30  Zergling x8  
  152  9:33  Hydralisk x2  
  154  9:39  Hive  
  154  9:52  Hydralisk x7  
  150  9:57  Drone x6  
  170  10:00  Lurker  
  170  10:01  Lurker  
  161  10:27  Hydralisk x8  
  161  10:28  Zergling x12  
  172  10:37  Hydralisk x8  
  172  10:38  Zergling x2  
  188  10:50  Viper  
  188  10:55  Viper  
  188  10:56  Zergling x4  
  188  10:57  Zergling x4  
  198  11:12  Viper  
  197  11:27  Viper  
  199  11:37  Zerg Missile Weapons Level 2, Zerg Ground Armor Level 2  
  196  11:40  Viper  
  197  11:51  Viper  
  197  12:15  Overlord x3, Extractor  
  194  12:16  Extractor  
  194  12:20  Overlord x4  
  193  12:31  Seismic Spines  
  193  12:45  Viper x2  
  193  12:47  Lurker  
  190  13:18  Hatchery  
  172  13:23  Hydralisk x5  
  172  13:24  Hydralisk x7  
  193  13:28  Adaptive Talons  
  193  13:29  Drone  
  194  13:35  Lurker x4  
  194  13:36  Zergling x4  
  194  13:37  Overlord  
  200  14:14  Zerg Missile Weapons Level 3  
  200  14:15  Zerg Ground Armor Level 3  
  180  14:36  Viper x3  
  176  14:41  Hydralisk x7  
  176  14:42  Zergling x18  
  193  14:46  Drone  
  193  14:48  Extractor x2  
  193  14:51  Drone x2  
  193  14:52  Drone x3  
  197  14:53  Spore Crawler  
  197  14:55  Spine Crawler  
  195  15:03  Lurker x4  
  199  15:14  Spine Crawler  
  199  15:16  Lurker x2  
  199  15:19  Adrenal Glands  
  200  15:28  Overseer x3  
  200  15:47  Spine Crawler  
  200  15:48  Spore Crawler  
  200  15:49  Spore Crawler  
  196  15:52  Spine Crawler  
  191  16:13  Spore Crawler  
  190  16:24  Lurker x3  
  193  16:26  Overseer x2  
  193  16:27  Overseer, Spire  
  193  16:28  Overseer  
  193  16:31  Hatchery  
  191  16:49  Spire  
  190  16:56  Hatchery  
Show
View Real Time Build Order
Export as new Build Order

Ekelpack Zerg 

Build Orders: Hatch First 

Get SALT Encoding   

  12  0:00  Drone  
  13  0:13  Overlord  
  13  0:18  Drone  
  14  0:31  Drone x2  
  17  0:35  Drone  
  17  0:47  Drone  
  18  0:56  Hatchery  
  17  0:58  Drone  
  17  1:02  Extractor  
  17  1:07  Drone  
  18  1:23  Spawning Pool, Drone  
  18  1:30  Drone  
  20  1:47  Drone  
  20  1:54  Overlord  
  20  2:10  Roach Warren, Queen  
  21  2:21  Queen  
  23  2:23  Drone  
  23  2:26  Drone  
  25  2:35  Drone x2  
  27  2:37  Drone  
  28  2:53  Roach x3  
  28  2:55  Roach  
  36  3:02  Lair  
  36  3:19  Overlord  
  36  3:23  Extractor  
  36  3:25  Drone  
  36  3:37  Queen  
  36  3:41  Drone x4  
  41  3:45  Overlord, Evolution Chamber  
  41  3:47  Drone x2  
  41  3:48  Drone  
  44  4:03  Hydralisk Den  
  44  4:04  Drone x2  
  44  4:06  Drone x3  
  48  4:28  Roach x4  
  48  4:29  Roach x2  
  52  4:32  Overlord  
  52  4:37  Extractor  
  51  4:44  Extractor  
  40  5:01  Zergling x2  
  40  5:02  Roach x4  
  40  5:03  Roach x3  
  36  5:17  Roach  
  37  5:41  Drone  
  38  5:47  Zerg Missile Weapons Level 1  
  38  5:49  Hydralisk  
  40  5:53  Roach  
  40  5:56  Roach  
  44  6:12  Overlord  
  44  6:13  Overlord  
  44  6:15  Roach  
  46  6:31  Roach x3  
  52  6:35  Hatchery  
  51  6:49  Roach x3  
  51  6:50  Roach  
  59  7:09  Overlord  
  59  7:23  Overlord, Hydralisk  
  61  7:41  Hydralisk x2  
  61  7:42  Hydralisk  
  67  7:56  Hydralisk x4  
  75  8:03  Drone  
  76  8:07  Drone  
  76  8:10  Drone  
  78  8:47  Hydralisk x3  
  84  8:48  Overlord  
  84  8:57  Zerg Missile Weapons Level 2  
  84  8:58  Grooved Spines  
  84  9:03  Overlord  
  66  9:29  Hydralisk x2  
  74  9:31  Roach x3  
  74  9:56  Roach  
  74  9:57  Roach x4  
  50  10:38  Hydralisk  
  50  10:39  Hydralisk x2  
  50  10:40  Roach x3  
  50  10:41  Drone  
  63  10:52  Drone x2  
  63  11:19  Zerg Ground Armor Level 1  
  63  11:20  Muscular Augments  
  63  11:22  Drone x3  
  63  11:23  Drone x2  
  68  11:34  Overseer x2  
  68  11:57  Roach x2  
  68  11:58  Queen, Roach x3  
  80  12:31  Overlord  
  80  12:49  Hydralisk x2  
  80  12:50  Hydralisk x2  
  88  12:59  Hatchery  
  71  13:23  Hydralisk x5  
  81  13:41  Pneumatized Carapace  
  47  14:42  Hydralisk  
  47  14:43  Hydralisk x6  
  47  14:44  Hydralisk x5  
  71  14:54  Zerg Ground Armor Level 2  
  71  15:22  Drone, Extractor  
  71  15:23  Drone x2  
  73  15:49  Overlord, Hydralisk x3  
  73  15:50  Hydralisk x4  
  85  16:40  Hydralisk x4  
  85  16:41  Hydralisk x6  
  85  16:42  Overlord  
  85  16:45  Drone  
  85  16:46  Overlord  
  50  17:18  Roach x6  
  50  17:19  Roach x4  
Show
View Real Time Build Order
Export as new Build Order

Nyck Terran 

Build Orders:  

Get SALT Encoding   

  12  0:00  SCV  
  13  0:12  SCV  
  14  0:18  Supply Depot  
  14  0:25  SCV  
  15  0:40  SCV  
  15  0:42  Barracks  
  16  0:51  Refinery  
  16  0:52  SCV  
  17  1:05  SCV  
  17  1:10  Barracks  
  18  1:17  SCV  
  19  1:29  Supply Depot  
  19  1:30  Orbital Command  
  19  1:35  Reaper  
  20  1:46  Refinery  
  20  1:53  Supply Depot  
  20  1:58  SCV  
  20  1:59  Barracks Reactor  
  20  2:00  Barracks Tech Lab  
  21  2:10  Barracks Tech Lab  
  21  2:13  Barracks Reactor  
  21  2:16  SCV  
  22  2:27  Marine  
  22  2:28  SCV  
  24  2:34  Combat Shield  
  24  2:40  SCV  
  25  2:45  Marine  
  26  2:54  SCV  
  26  2:55  Marine x2  
  29  3:02  Factory  
  29  3:04  Marine  
  30  3:08  SCV  
  31  3:17  Marine x2  
  33  3:32  SCV  
  34  3:45  SCV  
  35  3:48  Command Center  
  35  3:50  Starport  
  35  3:51  Factory Tech Lab  
  35  3:56  Stimpack  
  35  3:57  SCV  
  35  3:59  Supply Depot  
  36  4:09  SCV  
  35  4:21  Supply Depot  
  34  4:32  Marine x2  
  34  4:33  Marine  
  34  4:34  Siege Tank  
  35  4:40  Liberator  
  38  4:46  SCV  
  38  4:47  Barracks  
  39  4:58  SCV  
  38  5:04  Marine x2  
  38  5:05  Marine  
  39  5:22  Marine x2  
  41  5:31  SCV  
  41  5:33  Orbital Command  
  42  5:38  Marine  
  43  5:43  SCV  
  43  5:49  Supply Depot  
  44  5:51  Siege Tank  
  44  5:53  Starport Reactor  
  44  5:56  Barracks Reactor  
  47  5:57  Marine  
  47  5:58  Marine x2  
  47  6:01  SCV  
  51  6:13  SCV  
  51  6:15  Bunker  
  52  6:26  Factory  
  52  6:30  SCV  
  52  6:32  SCV  
  54  6:35  Refinery  
  54  6:37  Refinery  
  54  6:42  SCV  
  54  6:44  SCV  
  54  6:45  Siege Tank  
  54  6:47  Liberator, Engineering Bay  
  59  6:49  Liberator  
  59  6:50  Marine x3  
  68  6:55  SCV  
  68  6:58  SCV  
  70  7:07  SCV  
  71  7:10  SCV  
  71  7:15  Factory Reactor  
  72  7:19  SCV  
  73  7:27  Supply Depot  
  73  7:29  SCV, Marine x3  
  77  7:37  Siege Tank  
  77  7:38  Medivac  
  77  7:39  Medivac  
  84  7:46  SCV x2  
  84  7:49  Command Center  
  84  7:50  Marine x3  
  89  7:53  Hellion x2  
  89  7:56  Infernal Pre-Igniter  
  93  7:58  SCV x2  
  95  8:08  Marine x3  
  95  8:10  SCV, Hellion  
  95  8:11  SCV  
  102  8:14  Hellion x2  
  106  8:26  Marine  
  106  8:27  Marine x2  
  109  8:37  Terran Infantry Weapons Level 1  
  109  8:45  Supply Depot  
  109  9:00  Liberator x2  
  115  9:08  Supply Depot  
  115  9:31  Supply Depot  
  115  9:39  SCV  
  115  9:40  SCV  
  115  9:41  Orbital Command  
  115  9:42  Marine x3  
  115  9:44  Siege Tank  
  115  9:45  Hellion x2  
  127  9:48  Liberator  
  127  9:49  Liberator  
  133  9:54  Supply Depot  
  133  10:03  SCV x2  
  133  10:04  Marine x2  
  133  10:05  Marine  
  133  10:06  Hellion  
  133  10:07  Hellion  
  142  10:16  Siege Tank  
  145  10:28  Hellion  
  128  10:31  Liberator  
  113  10:44  Marine x3  
  113  10:47  SCV x2  
  113  10:49  Siege Tank  
  122  10:50  Hellion x2  
  122  10:53  Orbital Command  
  126  10:59  SCV x2  
  126  11:01  Marine, Command Center  
  126  11:02  Marine  
  126  11:03  Marine  
  130  11:08  Medivac  
  132  11:12  Armory, Hellion, Widow Mine  
  132  11:14  Terran Infantry Armor Level 1, Medivac  
  132  11:17  SCV  
  132  11:18  SCV  
  140  11:19  Marine  
  140  11:21  Siege Tank  
  144  11:34  SCV x2  
  146  11:41  SCV  
  146  11:46  SCV  
  146  11:47  SCV  
  149  11:53  SCV  
  150  11:54  Marine x3  
  150  11:56  Siege Tank  
  150  11:58  SCV  
  157  12:03  Supply Depot  
  157  12:04  SCV, Hellion  
  157  12:05  Terran Vehicle And Ship Armor Level 1  
  157  12:09  SCV  
  157  12:10  Hellion  
  157  12:13  SCV, Marine x2, Liberator x2  
  157  12:14  SCV  
  167  12:16  SCV  
  167  12:21  SCV, Refinery  
  167  12:22  Refinery  
  169  12:24  Marauder  
  169  12:25  Supply Depot, SCV  
  169  12:26  SCV  
  169  12:28  SCV, Siege Tank  
  177  12:33  SCV  
  178  12:37  SCV  
  178  12:38  SCV  
  178  12:40  SCV  
  178  12:46  SCV  
  178  12:48  Supply Depot  
  178  12:50  SCV  
  171  13:11  Supply Depot  
  145  13:35  SCV x2  
  145  13:37  Orbital Command  
  145  13:38  Marine x3  
  156  13:44  Thor  
  156  13:46  Hellbat x2  
  160  13:49  Liberator  
  160  13:50  Liberator  
  166  14:11  SCV  
  166  14:12  SCV x3  
  166  14:13  Marine x3  
  128  14:51  Thor  
  134  14:53  Hellbat x2  
  134  14:56  Marine  
  134  14:57  Marine, Marauder  
  142  15:03  Viking x2  
  142  15:04  Terran Infantry Weapons Level 2  
  146  15:25  Orbital Command  
  146  15:31  SCV x3  
  146  15:32  Command Center  
  153  15:35  Hellbat  
  153  15:36  Hellbat  
  153  15:37  Viking x2  
  153  15:40  Marine x2, Marauder  
  161  15:43  SCV x3  
  161  15:44  Cyclone  
  167  15:51  Armory  
  167  15:54  Starport  
  167  15:56  SCV x4  
  171  16:12  SCV  
  171  16:13  SCV x3  
  171  16:14  Marine x2  
  171  16:15  Marauder  
  171  16:17  Hellbat x2  
  183  16:18  Thor  
  183  16:44  Marine x2  
  183  16:45  Marauder  
  187  16:53  Planetary Fortress  
Tags
 
Add a new tag
Caveats
  • Supply blocks, unpowered buildings, or Contaminate may cause inaccurate times.
  • Supply counts are checked every 10 seconds.